 Dungeon Crawl Stone Soup version 0.20.1-4-g4af34eaf8e (webtiles) character file.

102 Alfie the Shooter (level 4, 0/37 HPs)
             Began as a Minotaur Hunter on Feb 24, 2020.
             Slain by an orc wizard
             ... wielding a +0 dagger
              (3 damage)
             ... on level 3 of the Dungeon.
             The game lasted 00:05:23 (1581 turns).

Alfie the Shooter (Minotaur Hunter)                 Turns: 1581, Time: 00:05:24

Health: 0/37       AC:  3    Str: 18    XL:     4   Next: 49%
Magic:  3/3        EV: 12    Int:  8    God:
Gold:   101        SH:  0    Dex: 10    Spells: 3/3 levels left

rFire    . . .     SeeInvis .   i - +0 short sword (elec)
rCold    . . .     Gourm    .   (no shield)
rNeg     . . .     Faith    .   c - +0 leather armour
rPois    .         Spirit   .   (helmet restricted)
rElec    .         Reflect  .   (no cloak)
rCorr    .         Harm     .   (no gloves)
MR       .....                  (no boots)
Stlth    +.........             (no amulet)
Regen    0.2/turn               (no ring)
MPRegen  0.1/turn               (no ring)

@: no status effects
A: retaliatory headbutt, horns 2
a: no special abilities


You were on level 3 of the Dungeon.
You were not hungry.

You visited 1 branch of the dungeon, and saw 3 of its levels.

You collected 101 gold pieces.

Inventory:

Hand Weapons
 a - a +1 shortbow
 i - a +0 short sword of electrocution (weapon)
Missiles
 d - 7 arrows
Armour
 c - a +0 leather armour (worn)
Jewellery
 b - an uncursed ring of protection from cold {unknown}
Wands
 e - a wand of confusion (20/48)
Scrolls
 g - a scroll of blinking
 h - a scroll of amnesia
 k - a scroll of identify
Potions
 j - a potion of flight {unknown}
 m - a potion of resistance {unknown}
Comestibles
 f - 3 bread rations
 l - a meat ration


   Skills:
 + Level 2.9 Fighting
 + Level 1.2 Short Blades
 + Level 5.7 Bows
 + Level 1.3 Armour
 + Level 2.5 Dodging
 + Level 0.7 Stealth


You had 3 spell levels left.
You didn't know any spells.

Dungeon Overview and Level Annotations

Branches:
Dungeon (3/15)

Altars:
Okawaru
Ru
The Shining One


Innate Abilities, Weirdness & Mutations

You reflexively headbutt those who attack you in melee.
You have a pair of horns on your head.


Message History

The orc is almost dead.
The orc hits you. The orc barely misses you.
You hit the orc. Lightning courses through the orc!
You kill the orc!
Deactivating autopickup; reactivate with Ctrl-A.
You hit something. Lightning courses through something!
Your headbutt misses something. Something hits you.
You closely miss something. Your headbutt misses something. Something hits you.
You closely miss something. You headbutt something.
You hear some strange, mumbled words.
A magic dart appears from out of thin air!
The magic dart hits you!
You closely miss something.
Something hits you but does no damage. x2
You closely miss something.
You hear some strange, mumbled words.
A puff of flame appears from out of thin air!
The puff of flame hits you!
* * * LOW HITPOINT WARNING * * *
You miss something. Something hits you.
You die...

##.#.........###
....._..⌠.._.#
##.#.......^.#
$...........##
.##..........#
...#.##...#####
##.............
#....#.#######
.....##@# ..?..
#{# ##.# #o# #.
#.# # ... ...(#
.$...# ..?...#
.....o.#


You could see an orc.

Vanquished Creatures
  An orc wizard (D:3)
  An adder (D:2)
  2 worms
  2 dart slugs
  2 leopard geckos (D:2)
  An orc (D:3)
  2 ball pythons (D:2)
  A giant cockroach (D:2)
  4 goblins
  5 hobgoblins
  10 jackals (D:1)
  A quokka (D:2)
  5 bats
  2 frilled lizards
  8 kobolds
  5 rats
52 creatures vanquished.

Notes
Turn   | Place    | Note
-------+----------+-------------------------------------------
     0 | D:1      | Alfie the Minotaur Hunter began the quest for the Orb.
     0 | D:1      | Reached XP level 1. HP: 18/18 MP: 0/0
   197 | D:1      | Reached XP level 2. HP: 25/25 MP: 1/1
   708 | D:1      | Reached skill level 5 in Bows
   914 | D:2      | Reached XP level 3. HP: 30/30 MP: 2/2
  1019 | D:2      | Reached skill level 1 in Armour
  1027 | D:2      | Found an iron altar of Okawaru.
  1242 | D:2      | Reached skill level 1 in Short Blades
  1441 | D:3      | Reached XP level 4. HP: 37/37 MP: 3/3
  1494 | D:3      | Found a sacrificial altar of Ru.
  1494 | D:3      | Found a glowing golden altar of the Shining One.
  1581 | D:3      | Slain by an orc wizard

Skill      XL: |  1  2  3 |
---------------+----------+-----
Bows           | 5 |  5.7
Armour         | 1 |  1.3
Short Blades   | 1 |  1.2
Fighting       | |  2.9
Dodging        | |  2.5
Stealth        | |  0.7

Action                   |  1- 3 |  4- 6 || total
-------------------------+-------+-------++-------
Melee: Short sword       |    32 |    21 ||    53
       Headbutt          |     7 |     2 ||     9
 Fire: Shortbow          |    79 |     8 ||    87
  Use: Scroll            |     4 |     3 ||     7
  Eat: Bread ration      |     1 |       ||     1
Armor: Leather armour    |    20 |     4 ||    24
Dodge: Dodged            |    51 |     7 ||    58
